 Dungeon Crawl Stone Soup version 0.30-a0-310-g7d6cbdfea6 (webtiles) character file.

Game seed: 4086475039953850465

122 billz999 the Changer (level 4, -2/45 HPs)
             Began as a Vampire Earth Elementalist on Oct 24, 2022.
             Was a High Priest of Ignis.
             Slain by a kobold
             ... wielding a +0 club
              (3 damage)
             ... on level 3 of the Dungeon.
             The game lasted 00:04:18 (1982 turns).

billz999 the Changer (Vampire Earth Elementalist)   Turns: 1982, Time: 00:04:18

Health: -2/45      AC:  2    Str:  7    XL:     4   Next: 78%
Magic:  4/7        EV: 12    Int: 19    God:    Ignis [*****.]
Gold:   125        SH:  0    Dex: 14    Spells: 6/7 levels left

rFire   + + .      SeeInvis +    c - +0 falchion
rCold   + . .      Faith    .    (no shield)
rNeg    . . .      Spirit   .    a - +0 robe
rPois   +          Reflect  .    (no helmet)
rElec   +          Harm     .    (no cloak)
rCorr   +          Rampage  .    (no gloves)
Will    .....                    (no boots)
Stlth   ..........               (no amulet)
HPRegen 0.47/turn                (no ring)
MPRegen 0.10/turn                (no ring)

@: berserking, silenced, resistant, healing quickly, very quick
A: alive, fangs 3, see invisible, vampiric 2
a: Exsanguinate, Renounce Religion


You were on level 3 of the Dungeon.
You worshipped Ignis.
Ignis was extremely pleased with you.
You visited 1 branch of the dungeon, and saw 3 of its levels.

You collected 125 gold pieces.

Inventory:

Hand Weapons
 c - a +0 falchion (weapon)
 j - a +0 dagger
Armour
 a - a +0 robe (worn)
 m - a +0 buckler
Magical Staves
 d - a staff of poison
Jewellery
 s - a +6 ring of strength
Scrolls
 k - a scroll of immolation {unknown}
 n - a scroll of torment {unknown}
 o - a scroll of noise
 p - a scroll of enchant armour {unknown}
 u - a scroll of fear {unknown}
 v - a scroll of brand weapon {unknown}
Potions
 b - a potion of magic
 f - a potion of curing
 h - 3 potions of resistance
 i - a potion of ambrosia {unknown}
 q - a potion of haste {unknown}
 r - a potion of lignification {unknown}
 t - a potion of brilliance {unknown}


   Skills:
 - Level 2.1 Dodging
 - Level 3.0 Stealth
 - Level 2.0 Spellcasting
 + Level 5.2 Transmutations
 - Level 3.0 Earth Magic


You had 6 spell levels left.
You knew the following spells:

 Your Spells              Type           Power      Damage    Failure   Level
a - Sandblast             Erth           26%        2d8       4%          1

Your spell library contained the following spells:

 Spells                   Type           Power      Damage    Failure   Level
 Passwall                 Tmut/Erth      14%        N/A       4%          2
 Scorch                   Fire           2%         2d5       26%         2
 Stone Arrow              Conj/Erth      14%        3d7       26%         3
 Petrify                  Tmut/Erth      17%        N/A       30%         4
 Ozocubu's Armour         Ice            1%         N/A       45%         3
 Flame Wave               Conj/Fire      1%         2d4       86%         4
 Metabolic Englaciation   Hex/Ice        0%         N/A       99%         5
 Simulacrum               Ice/Necr       0%         N/A       100%        6
 Summon Cactus Giant      Summ           0%         N/A       100%        6


Dungeon Overview and Level Annotations

Branches:
Dungeon (3/15)

Altars:
Ignis

Annotations:
D:3 Terence


Innate Abilities, Weirdness & Mutations

Your natural rate of healing is accelerated.
You have razor-sharp teeth.
You have supernaturally acute eyesight. (SInv)
You are afflicted with vampirism and can become a bat while bloodless.


Message History

The air fills with toxic fumes!
As you read the scroll labelled UKLALYS MOKK, it crumbles to dust.
It was a scroll of poison.
The gnoll hits you from afar with a +0 spear.
The kobold barely misses you. The kobold hits you with a +0 club.
The kobold misses you.
As you read the scroll labelled HOVERIU FEAFI, it crumbles to dust.
A profound silence engulfs you.
It was a scroll of silence.
The gnoll barely misses you. The kobold hits you with a +0 club.
The kobold barely misses you. The kobold hits you with a +0 club.
Magic scrolls do not work when you're silenced!
Unknown command.
It was a potion of curing.
You feel better.
The gnoll hits you from afar with a +0 spear.
The kobold hits you with a +0 club. The kobold closely misses you.
The kobold hits you with a +0 club.
It was a potion of resistance.
You feel protected. The kobold hits you with a +0 club.
The gnoll completely misses you. The kobold barely misses you.
The kobold closely misses you.
You hit the kobold but do no damage. The kobold barely misses you.
The gnoll hits you from afar with a +0 spear.
* * * LOW HITPOINT WARNING * * *
The endoplasm jiggles.
The kobold barely misses you. The kobold hits you but does no damage.
You feel better. The kobold hits you with a +0 club.
The gnoll hits you from afar with a +0 spear!
* * * LOW HITPOINT WARNING * * *
The kobold misses you. The kobold barely misses you.
It was a potion of berserk rage.
A red film seems to cover your vision as you go berserk!
You feel yourself moving faster!
You feel mighty! The kobold closely misses you. The gnoll closely misses you.
The kobold hits you but does no damage. The kobold hits you with a +0 club.
* * * LOW HITPOINT WARNING * * *
You barely miss the kobold.
The gnoll hits you from afar with a +0 spear!
* * * LOW HITPOINT WARNING * * *
The kobold hits you with a +0 club.
You die...

~~~~~...~~..~~.~~.~~....
~.~~..~~
~~~~~~~~~≈~~~~~~≈~~.....
~~~≈~~~≈
≈≈≈≈≈≈≈≈≈≈≈~≈≈≈≈≈≈~~....
~≈≈≈≈≈≈≈
≈≈≈≈≈≈≈≈≈≈≈≈≈≈≈≈≈≈≈~....
~≈≈≈≈≈≈≈
#####################++#
######## .##
##....)#†......#
..###....))'.......#
...#.....○○#########
...#.....☼§g§ggK@K#
..g'.....§§§☼KK§☼KgKK☼§§
...#.....§§§§☼§§○§#J.○○☼
...#....(○§######## §○§§
..###....§))...... ☼§○
.## ##.....#...... §○ #
############# #


You could see 3 gnolls, an endoplasm (unsilenced), a goblin and 7 kobolds.

Vanquished Creatures
  Natasha (twice) (D:3)
  A gnoll (D:3)
  An adder (D:2)
  A worm (D:2)
  A dart slug (D:2)
  An orc (D:3)
  5 ball pythons
  3 endoplasms
  A giant cockroach (D:2)
  7 goblins
  4 hobgoblins
  3 quokkas
  2 bats
  2 frilled lizards
  11 kobolds
  3 rats
48 creatures vanquished.

Vanquished Creatures (others)
  2 plants (D:3)
2 creatures vanquished.

Grand Total: 50 creatures vanquished

Notes
Turn   | Place    | Note
-------+----------+-------------------------------------------
     0 | D:1      | billz999 the Vampire Earth Elementalist began the quest for
                  | the Orb.
     0 | D:1      | Reached XP level 1. HP: 13/13 MP: 3/3
    96 | D:1      | Found a faded altar of an unknown god.
   113 | D:1      | Prayed at the altar of an unknown god.
   113 | D:1      | Became a worshipper of Ignis, the Dying Flame
   164 | D:1      | Reached skill level 2 in Transmutations
   284 | D:1      | Reached XP level 2. HP: 19/19 MP: 3/5
   755 | D:2      | Reached skill level 3 in Transmutations
   854 | D:2      | Gained mutation: You are afflicted with vampirism and can
                  | become a bat while bloodless. [Vampire growth]
   854 | D:2      | Reached XP level 3. HP: 22/24 MP: 2/6
  1477 | D:3      | Noticed Natasha
  1483 | D:3      | Killed Natasha
  1484 | D:3      | Reached skill level 4 in Transmutations
  1484 | D:3      | Reached XP level 4. HP: 30/30 MP: 3/7
  1529 | D:3      | Noticed Terence
  1823 | D:3      | Noticed Natasha
  1844 | D:3      | Killed Natasha
  1914 | D:3      | Reached skill level 5 in Transmutations
  1982 | D:3      | HP: 1/45 [gnoll/+0 spear (7)]
  1982 | D:3      | Slain by a kobold

Illustrated notes

Levels and vault maps discovered:
D:1:      amcnicky_arrival_flooded_fountain, layout_basic,
          basic_ecumenical_altar
D:2:      wander_river, layout_loops_ring, kennysheep_generic_room_6
D:3:      minmay_goblin_kobold_castle, layout_loops_ring,
          mainiacjoe_overflow_boulevard, uniq_natasha, uniq_terence

Skill      XL: |  1  2  3  4 |
---------------+-------------+-----
Transmutations | 2 3 4 5 |  5.2
Dodging        | |  2.1
Stealth        | |  3.0
Spellcasting   | |  2.0
Earth Magic    | |  3.0

Action                   |  1- 3 |  4- 6 || total
-------------------------+-------+-------++-------
Melee: Falchion          |    17 |    16 ||    33
       Bite              |       |     1 ||     1
 Cast: Sandblast         |    41 |    30 ||    71
  Use: Potion            |       |     4 ||     4
       Scroll            |       |     3 ||     3
 Stab: Sleeping          |     3 |       ||     3
Armor: Robe              |    13 |    11 ||    24
Dodge: Dodged            |    24 |    42 ||    66

Table legend: (Time is in decaauts)
 A = Elapsed time spent in this place.
 B = Non-inter-level travel time spent in this place.
 C = Inter-level travel time spent in this place.
 D = Time resting spent in this place.
 E = Time spent auto-exploring this place.
 F = Levels seen in this place.
 G = Mean time per level.
                   A        B        C        D        E       F      G
               +--------+--------+--------+--------+--------+-----+--------+
         Total |   2059 |   1937 |    122 |     34 |   1500 |   3 |  686.3 |
       Dungeon |   2059 |   1937 |    122 |     34 |   1500 |   3 |  686.3 |
               +--------+--------+--------+--------+--------+-----+--------+

Top non-repeatable levels by time:
     D:2: 978 daAuts
     D:1: 585 daAuts
     D:3: 496 daAuts
